 Dungeon Crawl Stone Soup version 0.30-a0-250-g41c1d76940 (webtiles) character file.

Game seed: 990348052505465268

137 Anon1729 the Gusty (level 4, -3/33 HPs)
             Began as a Demigod Air Elementalist on Oct 12, 2022.
             Killed by divine providence
             ... invoked by an orc priest
              (13 damage)
             ... on level 3 of the Dungeon.
             The game lasted 00:03:03 (2392 turns).

Anon1729 the Gusty (Demigod Air Elementalist)       Turns: 2392, Time: 00:03:03

Health: -3/33      AC:  3    Str:  9    XL:     4   Next: 69%
Magic:  10/10      EV: 12    Int: 21    God:
Gold:   114        SH:  0    Dex: 14    Spells: 6/7 levels left

rFire   . . .      SeeInvis .    n - +0 whip (venom)
rCold   . . .      Faith    .    (no shield)
rNeg    . . .      Spirit   .    a - +0 robe
rPois   .          Reflect  .    (no helmet)
rElec   .          Harm     .    j - +0 cloak
rCorr   .          Rampage  .    (no gloves)
Will    .....                    (no boots)
Stlth   ++........               (no amulet)
HPRegen 0.25/turn                (no ring)
MPRegen 0.12/turn                (no ring)

@: no status effects
A: high MP 1, forlorn, divine attributes
a: no special abilities


You were on level 3 of the Dungeon.
You visited 1 branch of the dungeon, and saw 3 of its levels.

You collected 114 gold pieces.

Inventory:

Hand Weapons
 k - a +0 dagger
 n - a +0 whip of venom (weapon)
 q - a +2 hand axe of draining
Armour
 a - a +0 robe (worn)
 i - an orb of wrath
 j - a +0 cloak (worn)
 p - a +1 leather armour of cold resistance
Scrolls
 c - 2 scrolls of vulnerability {unknown}
 d - a scroll of noise {unknown}
 e - 2 scrolls of identify {unknown}
 f - a scroll of silence {unknown}
 g - a scroll of poison {unknown}
 h - 2 scrolls of teleportation {unknown}
 m - 2 scrolls of blinking {unknown}
 o - a scroll of enchant weapon {unknown}
Potions
 b - a potion of magic
 l - a potion of curing {unknown}


   Skills:
 + Level 2.5 Dodging
 + Level 2.5 Stealth
 + Level 2.3 Spellcasting
 + Level 1.8 Conjurations
 * Level 3.7 Air Magic


You had 6 spell levels left.
You knew the following spells:

 Your Spells              Type           Power      Damage    Failure   Level
a - Shock                 Conj/Air       56%        1d6       4%          1

Your spell library contained the following spells:

 Spells                   Type           Power      Damage    Failure   Level
 Static Discharge         Conj/Air       28%        2-4/arc   7%          2
 Swiftness                Air            18%        N/A       10%         3
 Airstrike                Air            9%         2d(2-18)  30%         4
 Call Canine Familiar     Summ           2%         N/A       38%         3
 Portal Projectile        Hex/Tloc       4%         N/A       38%         3
 Leda's Liquefaction      Hex/Erth       1%         N/A       80%         4
 Summon Forest            Summ/Tloc      1%         N/A       98%         5
 Eringya's Noxious Bog    Tmut/Pois      1%         N/A       100%        6
 Summon Hydra             Summ           1%         N/A       100%        7


Dungeon Overview and Level Annotations

Branches:
Dungeon (3/15)


Innate Abilities, Weirdness & Mutations

You have an increased reservoir of magic. (+10% MP)
You shall have no god before yourself.
Your divine heritage dramatically boosts your attributes as you level up.


Message History

The orc barely misses you.
A gnoll comes into view. It is wielding a +0 whip.
A gnoll comes into view. It is wielding a +0 spear.
The orc priest calls down the wrath of Beogh upon you.
Beogh smites you! The orc hits you with a +0 club.
The gnoll shouts!
You are too injured to fight recklessly!
You are too injured to fight recklessly!
You are too injured to fight recklessly!
You are too injured to fight recklessly!
You are too injured to fight recklessly!
You are too injured to fight recklessly!
You are too injured to fight recklessly!
You are too injured to fight recklessly!
You are too injured to fight recklessly!
You are too injured to fight recklessly!
The orc attacks as you move away! The orc closely misses you.
The orc attacks as you move away! The orc barely misses you.
Things that are here:
a +0 hand axe; an orc corpse The orc priest looks encouraged for a moment.
Casting: Shock (safe; 4% risk of failure)
Confirm with . or Enter, or press ? or * to list all spells.
Aiming: Shock (safe; 4% risk of failure)
Press: ? - help, Shift-Dir - straight line The zap hits the orc.
The orc is severely wounded.
The zap hits the orc.
You kill the orc!
The zap hits the orc.
You kill the orc!
Things that are here:
a +0 dagger; a +0 sling The orc priest begins to cast a cantrip, but forgets the words!
You see here a worm corpse.
The orc priest mumbles some strange prayers to Beogh against you.
Pain shoots through your body!
The orc priest mumbles some strange prayers to Beogh against you.
Beogh smites you!
You die...

#.# #.# #.......)
#.# ##.##
#.####...# #.#
#... ..# ##g## #.#
#..# #.# #.# #.#
#..# #.# #g# #.#
######..# #.# #.##
#.# #.......# #.#
#...
#.#######.#####)#
#.#######o
#.........#
#@#######....# #)
###########
#..†...og..#.####.
#########.........
#......##.
###.#####.
#.#####. #.......
########


You could see an orc priest and a gnoll.

Vanquished Creatures
  Natasha (thrice) (D:2)
  3 worms
  2 dart slugs
  5 orcs (D:3)
  3 bats
  6 endoplasms
  2 giant cockroaches
  3 goblins
  3 hobgoblins (D:1)
  3 kobolds (D:2)
  2 quokkas
  5 ball pythons
  5 rats
45 creatures vanquished.

Notes
Turn   | Place    | Note
-------+----------+-------------------------------------------
     0 | D:1      | Anon1729 the Demigod Air Elementalist began the quest for
                  | the Orb.
     0 | D:1      | Reached XP level 1. HP: 14/14 MP: 5/5
    98 | D:1      | Reached skill level 1 in Conjurations
   414 | D:1      | Reached XP level 2. HP: 20/20 MP: 4/7
  1200 | D:2      | Reached skill level 3 in Air Magic
  1265 | D:2      | Noticed Natasha
  1284 | D:2      | Killed Natasha
  1285 | D:2      | Reached XP level 3. HP: 22/26 MP: 0/8
  1559 | D:2      | Noticed Natasha
  1575 | D:2      | Killed Natasha
  1576 | D:2      | Reached XP level 4. HP: 20/33 MP: 3/10
  1718 | D:2      | Noticed Natasha
  1725 | D:2      | Killed Natasha
  2392 | D:3      | Killed from afar by an orc priest

Illustrated notes

Levels and vault maps discovered:
D:1:      scummos_arrival_forest, layout_loops_ring
D:2:      layout_basic, uniq_natasha
D:3:      layout_loops_ring, grunt_ministairs_11

Skill      XL: |  1  2 |
---------------+-------+-----
Conjurations   | 1 |  1.8
Stealth        | 2 |  2.5
Dodging        | 2 |  2.5
Spellcasting   | 2 |  2.3
Air Magic      | 3 |  3.7

Action                   |  1- 3 |  4- 6 || total
-------------------------+-------+-------++-------
Melee: Unarmed           |     9 |       ||     9
       Dagger            |    10 |       ||    10
       Punch             |     1 |       ||     1
       Whip              |       |    12 ||    12
 Cast: Shock             |    76 |    25 ||   101
 Stab: Distracted        |       |     1 ||     1
Armor: Robe              |    11 |     1 ||    12
Dodge: Dodged            |    18 |     7 ||    25

Table legend: (Time is in decaauts)
 A = Elapsed time spent in this place.
 B = Non-inter-level travel time spent in this place.
 C = Inter-level travel time spent in this place.
 D = Time resting spent in this place.
 E = Time spent auto-exploring this place.
 F = Levels seen in this place.
 G = Mean time per level.
                   A        B        C        D        E       F      G
               +--------+--------+--------+--------+--------+-----+--------+
         Total |   2405 |   2340 |     65 |     45 |   1997 |   3 |  801.7 |
       Dungeon |   2405 |   2340 |     65 |     45 |   1997 |   3 |  801.7 |
               +--------+--------+--------+--------+--------+-----+--------+

Top non-repeatable levels by time:
     D:2: 1079 daAuts
     D:1: 983 daAuts
     D:3: 343 daAuts
